[Event "HUN-chT Youth 2019"]
[Site "Budapest"]
[Date "2019.10.26"]
[Round "1.24"]
[White "Varga, Marko"]
[Black "Szamko, Hanna"]
[Result "0-1"]
[ECO "C65"]
[WhiteElo "1020"]
[BlackElo "1402"]
[Annotator "NA"]
[PlyCount "97"]
[EventDate "2019.10.26"]
[EventType "team-tourn"]
[EventCountry "HUN"]
[SourceTitle "playchess.com"]
[Source "ChessBase"]
[SourceQuality "1"]
[TimeControl "5400+30"]

1. e4 e5 2. Nf3 Nc6 3. Bb5 Bc5 4. c3 Nf6 5. O-O O-O 6. Re1 Re8 7. Ba4 Bb6 8. Bc2 d6 9. h3 Ne7 10. d4 Ng6 11. dxe5 Nxe5 12. Nxe5 Rxe5 13. Bf4 Re8 14. e5 dxe5 15. Qxd8 Rxd8 16. Bxe5 Nd7 17. Bg3 Nf6 18. Bh4 Be6 19. Bxf6 gxf6 20. Na3 Rd2 21. Rf1 Kh8 22. Rad1 Rad8 23. Nb5 c5 24. Na3 c4 25. b3 cxb3 26. Bxb3 Rxd1 27. Rxd1 Rxd1+ 28. Bxd1 Bxa2 29. Bf3 Bc5 30. Nc2 b6 31. Ne3 Bxe3 32. fxe3 a5 33. Kf1 a4 34. Ke1 Bc4 35. Kd1 b5 36. Kc2 Kg7 37. g4 h6 38. h4 Kf8 39. Be4 Ke7 40. Bd3 a3 41. Bxc4 bxc4 42. Kb1 Kd6 43. Ka2 Kc5 44. Kxa3 Kb5 45. e4 Ka5 46. g5 fxg5 47. hxg5 hxg5 48. e5 g4 49. Kb2 0-1

[Event "HUN-chT Youth 2019"]
[Site "Budapest"]
[Date "2019.10.26"]
[Round "1.25"]
[White "Szabo, A. Martin"]
[Black "Papp, Bence"]
[Result "0-1"]
[ECO "A88"]
[WhiteElo "1769"]
[BlackElo "2184"]
[Annotator "ChessBase"]
[PlyCount "83"]
[EventDate "2019.10.26"]
[EventType "team-tourn"]
[EventCountry "HUN"]
[SourceTitle "playchess.com"]
[Source "ChessBase"]
[SourceQuality "1"]
[TimeControl "5400+30"]

1. d4 d6 2. Nf3 f5 3. c4 Nf6 4. Nc3 g6 5. g3 Bg7 6. Bg2 O-O 7. O-O c6 8. d5 e5 9. dxe6 Bxe6 10. Qd3 Na6 11. Ng5 Re8 12. Nxe6 Rxe6 13. Rb1 Nc5 14. Qc2 Qe7 15. b4 Nce4 16. Nxe4 Nxe4 17. Bb2 Rf8 18. e3 g5 19. Rfe1 h5 20. f3 Nf6 21. Qd3 f4 22. gxf4 gxf4 23. e4 Nd7 24. Bxg7 Qxg7 25. Kh1 Ne5 26. Qc3 Rg6 27. Rg1 Rff6 28. Bh3 Rxg1+ 29. Rxg1 Rg6 30. Rxg6 Nxg6 31. Be6+ Kf8 32. Qxg7+ Kxg7 33. c5 dxc5 34. bxc5 Nh4 35. Bc8 b6 36. cxb6 axb6 37. Bb7 c5 38. Ba6 Nxf3 39. Kg2 Ng5 40. Bd3 Kf6 41. h4 Ne6 42. a4 0-1

[Event "HUN-chT Youth 2019"]
[Site "Budapest"]
[Date "2019.10.26"]
[Round "1.26"]
[White "Leszko, Bence"]
[Black "Csajbok, Levente Tamas"]
[Result "1-0"]
[ECO "A35"]
[WhiteElo "2201"]
[BlackElo "1820"]
[Annotator "ChessBase"]
[PlyCount "75"]
[EventDate "2019.10.26"]
[EventType "team-tourn"]
[EventCountry "HUN"]
[SourceTitle "playchess.com"]
[Source "ChessBase"]
[SourceQuality "1"]
[TimeControl "5400+30"]

1. Nf3 Nf6 2. c4 g6 3. Nc3 Bg7 4. e3 O-O 5. Be2 c5 6. O-O Nc6 7. d4 cxd4 8. Nxd4 d5 9. cxd5 Nxd5 10. Nxd5 Qxd5 11. Bf3 Qc5 12. Nxc6 bxc6 13. Rb1 Ba6 14. Re1 Rfd8 15. Bd2 Rd6 16. Qa4 Rxd2 17. Qxa6 Qb6 18. Qa3 Rxb2 19. Rbc1 e6 20. Rxc6 Qb5 21. Rc5 Qe8 22. Bxa8 Qxa8 23. Rec1 Rb8 24. Qa6 Bf8 25. Rc7 Qe4 26. Qxa7 Rb1 27. Qd4 Qf5 28. Qf4 Qxf4 29. exf4 Rb2 30. R7c2 Rb4 31. g3 Ra4 32. Rb1 Bd6 33. Rb6 Be7 34. Rb7 Bf6 35. Rc8+ Kg7 36. Rcc7 Bd4 37. Rxf7+ Kg8 38. Rfd7 1-0

[Event "HUN-chT Youth 2019"]
[Site "Budapest"]
[Date "2019.10.26"]
[Round "1.27"]
[White "Szivak, Andras"]
[Black "Daroczi, Donat"]
[Result "0-1"]
[ECO "D36"]
[WhiteElo "1730"]
[BlackElo "1976"]
[Annotator "NA"]
[PlyCount "62"]
[EventDate "2019.10.26"]
[EventType "team-tourn"]
[EventCountry "HUN"]
[SourceTitle "playchess.com"]
[Source "ChessBase"]
[SourceQuality "1"]
[TimeControl "5400+30"]

1. d4 Nf6 2. c4 e6 3. Nc3 d5 4. cxd5 exd5 5. Bg5 Be7 6. e3 c6 7. Bd3 Nbd7 8. Nge2 Nh5 9. Bxe7 Qxe7 10. Qc2 Nb6 11. O-O g6 12. e4 dxe4 13. Nxe4 O-O 14. Qc5 Re8 15. Rad1 Bf5 16. N2g3 Bxe4 17. Nxe4 Nf4 18. Rfe1 Nxd3 19. Rxd3 Kg7 20. Qxe7 Rxe7 21. Kf1 Rae8 22. Rde3 Nc4 23. R3e2 Rxe4 24. Rxe4 Rxe4 25. Rxe4 Nd2+ 26. Ke2 Nxe4 27. Ke3 Nd6 28. Kd3 Kf6 29. b4 Ke6 30. a4 Kd5 31. f4 Nf5 0-1

[Event "HUN-chT Youth 2019"]
[Site "Budapest"]
[Date "2019.10.26"]
[Round "1.28"]
[White "Varga, Gabor"]
[Black "Novak, Levente Peter"]
[Result "1-0"]
[ECO "B76"]
[WhiteElo "1820"]
[BlackElo "1639"]
[Annotator "NA"]
[PlyCount "71"]
[EventDate "2019.10.26"]
[EventType "team-tourn"]
[EventCountry "HUN"]
[SourceTitle "playchess.com"]
[Source "ChessBase"]
[SourceQuality "1"]
[TimeControl "5400+30"]

1. e4 c5 2. Nf3 d6 3. d4 cxd4 4. Nxd4 Nf6 5. Nc3 g6 6. f3 Bg7 7. Be3 Nc6 8. Qd2 O-O 9. O-O-O d5 10. Nxc6 bxc6 11. exd5 cxd5 12. Nxd5 Nxd5 13. Qxd5 Qc7 14. Qc5 Qb7 15. Bd4 Bf5 16. Qc3 Rfc8 17. Bc4 Rxc4 18. Qxc4 Rc8 19. Qa4 Rxc2+ 20. Qxc2 Bxc2 21. Kxc2 Qc8+ 22. Bc3 Bxc3 23. bxc3 Kg7 24. Rd3 Qc4 25. Ra1 h5 26. Rd4 Qe2+ 27. Rd2 Qe5 28. h3 g5 29. Rc1 f5 30. Kd1 Qc5 31. c4 e6 32. Rc3 Kf6 33. Kc2 f4 34. Kd3 Kf5 35. Rb3 g4 36. Rb5 1-0

[Event "HUN-chT Youth 2019"]
[Site "Budapest"]
[Date "2019.10.26"]
[Round "1.29"]
[White "Deak-Sala, Emilia"]
[Black "Kiss, Rebeka"]
[Result "1-0"]
[ECO "C55"]
[WhiteElo "1528"]
[BlackElo "1743"]
[Annotator "NA"]
[PlyCount "94"]
[EventDate "2019.10.26"]
[EventType "team-tourn"]
[EventCountry "HUN"]
[SourceTitle "playchess.com"]
[Source "ChessBase"]
[SourceQuality "1"]
[TimeControl "5400+30"]

1. e4 e5 2. Nf3 Nc6 3. Bc4 Nf6 4. d3 Be7 5. O-O O-O 6. c3 d6 7. Bb3 Na5 8. Bc2 c5 9. Nbd2 a6 10. Re1 Re8 11. Nf1 Bf8 12. Ng3 g6 13. Bd2 b5 14. h3 Bg7 15. Qc1 Nc6 16. Bh6 Be6 17. Be3 Rc8 18. Ng5 Qe7 19. Nxe6 fxe6 20. f4 exf4 21. Bxf4 Nd7 22. Qd2 Be5 23. Bxe5 Ncxe5 24. Rf1 Qh4 25. Qe3 Rf8 26. Rxf8+ Rxf8 27. Rf1 Rxf1+ 28. Nxf1 Kg7 29. b4 Nc6 30. bxc5 dxc5 31. d4 Qe7 32. Nd2 b4 33. Nb3 bxc3 34. Qxc3 Nxd4 35. Nxd4 cxd4 36. Qxd4+ e5 37. Qd3 Qc5+ 38. Kh2 Qc6 39. Bb3 a5 40. Bd5 Qb6 41. Qa3 Qc5 42. Qb2 Qc7 43. Qb5 Nf6 44. Qa6 Nh5 45. Qe6 Nf6 46. Qa6 Nh5 47. Qe6 Qd8 1-0

[Event "HUN-chT Youth 2019"]
[Site "Budapest"]
[Date "2019.10.26"]
[Round "1.30"]
[White "Fulop, Csilla"]
[Black "Makay, Mark Janos"]
[Result "0-1"]
[ECO "B32"]
[WhiteElo "1462"]
[BlackElo "1442"]
[Annotator "NA"]
[PlyCount "96"]
[EventDate "2019.10.26"]
[EventType "team-tourn"]
[EventCountry "HUN"]
[SourceTitle "playchess.com"]
[Source "ChessBase"]
[SourceQuality "1"]
[TimeControl "5400+30"]

1. e4 c5 2. Nf3 Nc6 3. d4 cxd4 4. Nxd4 Qb6 5. Nf3 e5 6. Nbd2 Bc5 7. Qe2 Nf6 8. Nc4 Qc7 9. Be3 Nxe4 10. Bxc5 Nxc5 11. Ncxe5 O-O 12. Nxc6 dxc6 13. O-O-O Bg4 14. Qe3 Nd7 15. h3 Rfe8 16. Qc3 Bxf3 17. Qxf3 Ne5 18. Qc3 Rad8 19. Be2 Ng6 20. Bd3 Qf4+ 21. Qd2 Qxd2+ 22. Rxd2 Nf4 23. Rhd1 g6 24. Bf1 Rxd2 25. Rxd2 Re7 26. g3 Ne6 27. h4 Kg7 28. Kd1 Nc5 29. b3 Ne4 30. Bd3 Nxd2 31. Kxd2 f5 32. h5 Kf6 33. hxg6 hxg6 34. f3 g5 35. g4 f4 36. Be4 Ke5 37. c3 Re6 38. a4 Rh6 39. Kd3 Rh1 40. Kd2 a5 41. Ke2 Rh2+ 42. Kd1 Rg2 43. b4 axb4 44. cxb4 Rb2 45. b5 cxb5 46. Bxb7 bxa4 47. Bc6 a3 48. Kc1 Kd4 0-1

[Event "HUN-chT Youth 2019"]
[Site "Budapest"]
[Date "2019.10.26"]
[Round "1.31"]
[White "Acs, Marton"]
[Black "Szalay-Ocsak, Bank"]
[Result "1-0"]
[ECO "D02"]
[WhiteElo "2126"]
[BlackElo "1852"]
[Annotator "ChessBase"]
[PlyCount "75"]
[EventDate "2019.10.26"]
[EventType "team-tourn"]
[EventCountry "HUN"]
[SourceTitle "playchess.com"]
[Source "ChessBase"]
[SourceQuality "1"]
[TimeControl "5400+30"]

1. Nf3 Nf6 2. g3 d5 3. Bg2 c6 4. O-O Bg4 5. d4 e6 6. Nbd2 Nbd7 7. Re1 Be7 8. c3 O-O 9. e4 dxe4 10. Nxe4 Nxe4 11. Rxe4 Bxf3 12. Bxf3 Bg5 13. Bxg5 Qxg5 14. a4 a5 15. Qb3 Rab8 16. c4 Qd8 17. Rd1 Qc7 18. Re3 Nf6 19. Rc3 Qe7 20. Qb6 Qd8 21. Qc5 Nd7 22. Qa3 Nf6 23. b4 axb4 24. Qxb4 Qd7 25. a5 Rfd8 26. Qb6 Rbc8 27. Rb3 Rc7 28. Kg2 h6 29. h4 Qe7 30. a6 bxa6 31. Qxa6 c5 32. d5 Ra7 33. Qc6 Rad7 34. Re1 Qd6 35. dxe6 Qxc6 36. Bxc6 Rd6 37. e7 Rc8 38. e8=Q+ 1-0

[Event "HUN-chT Youth 2019"]
[Site "Budapest"]
[Date "2019.10.26"]
[Round "1.32"]
[White "Farkas, Otto Jr."]
[Black "Juhasz, Judit"]
[Result "0-1"]
[ECO "E81"]
[WhiteElo "1848"]
[BlackElo "2004"]
[Annotator "NA"]
[PlyCount "46"]
[EventDate "2019.10.26"]
[EventType "team-tourn"]
[EventCountry "HUN"]
[SourceTitle "playchess.com"]
[Source "ChessBase"]
[SourceQuality "1"]
[TimeControl "5400+30"]

1. d4 Nf6 2. c4 g6 3. Nc3 Bg7 4. e4 d6 5. f3 O-O 6. Be3 Nfd7 7. Qd2 e5 8. d5 a5 9. O-O-O Na6 10. Bd3 Ndc5 11. Bc2 f5 12. exf5 Bxf5 13. Bxf5 gxf5 14. Bg5 Qe8 15. Nge2 Qg6 16. f4 h6 17. Bh4 e4 18. Kb1 Nd3 19. Nc1 Nac5 20. h3 Nxb2 21. Kxb2 Na4+ 22. Kb3 Nxc3 23. Rdg1 Qe8 0-1

[Event "HUN-chT Youth 2019"]
[Site "Budapest"]
[Date "2019.10.26"]
[Round "1.34"]
[White "Geczi-Zajzon, Kristof"]
[Black "Erseki, Aron"]
[Result "0-1"]
[ECO "B73"]
[WhiteElo "1627"]
[BlackElo "1847"]
[Annotator "NA"]
[PlyCount "78"]
[EventDate "2019.10.26"]
[EventType "team-tourn"]
[EventCountry "HUN"]
[SourceTitle "playchess.com"]
[Source "ChessBase"]
[SourceQuality "1"]
[TimeControl "5400+30"]

1. e4 c5 2. Nf3 d6 3. d4 cxd4 4. Nxd4 Nf6 5. Nc3 g6 6. Be2 Bg7 7. Be3 Nc6 8. O-O O-O 9. Qd2 Bd7 10. f4 Qa5 11. Bf3 Bg4 12. Nxc6 bxc6 13. e5 dxe5 14. Bxc6 Rac8 15. Bf3 exf4 16. Bxf4 Bxf3 17. Rxf3 Qb6+ 18. Kh1 Qxb2 19. Rb1 Ne4 20. Rxb2 Nxd2 21. Bxd2 Rfd8 22. Be3 Rxc3 23. Rb1 Rxc2 24. Bxa7 Rxa2 25. Bc5 Bf6 26. Re1 Kg7 27. h3 Rd7 28. Rfe3 e6 29. Rb3 Rdd2 30. Rb8 Bg5 31. Rf1 f5 32. Rb7+ Kg8 33. Re1 Ra6 34. Reb1 Rd8 35. Rc7 Bf4 36. Re7 Rc6 37. Rbb7 Be5 38. Rb5 Rxc5 39. Rxc5 Rd1# 0-1

[Event "HUN-chT Youth 2019"]
[Site "Budapest"]
[Date "2019.10.26"]
[Round "1.35"]
[White "Bencze, Balazs Dominik"]
[Black "Koltai, Anna"]
[Result "1-0"]
[ECO "D04"]
[WhiteElo "1779"]
[BlackElo "1545"]
[Annotator "NA"]
[PlyCount "98"]
[EventDate "2019.10.26"]
[EventType "team-tourn"]
[EventCountry "HUN"]
[SourceTitle "playchess.com"]
[Source "ChessBase"]
[SourceQuality "1"]
[TimeControl "5400+30"]

1. Nf3 d5 2. b3 Nf6 3. Bb2 Bf5 4. e3 Nbd7 5. d4 e6 6. Bd3 Be4 7. O-O Bd6 8. Nbd2 h6 9. Ne5 O-O 10. f3 Bxd3 11. cxd3 c5 12. Nxd7 Nxd7 13. f4 Rc8 14. Nf3 f6 15. Nh4 Qe8 16. Qg4 f5 17. Qg3 Nf6 18. Nf3 Nh5 19. Qh4 Be7 20. Qf2 Nf6 21. Ne5 Bd6 22. h3 Nh5 23. Rac1 b6 24. Qf3 a5 25. Rc2 a4 26. Rfc1 Ra8 27. b4 a3 28. Ba1 Rc8 29. bxc5 Bxe5 30. dxe5 g6 31. c6 Rf7 32. c7 Qb5 33. Qd1 Ng7 34. Bd4 Ne8 35. Rb1 Qd7 36. Rxb6 Nxc7 37. Qc1 g5 38. fxg5 hxg5 39. Rb7 f4 40. Bb6 f3 41. Rcxc7 f2+ 42. Kf1 Rff8 43. Rxc8 Rxc8 44. Rxd7 Rxc1+ 45. Kxf2 Rc2+ 46. Kf3 Rxa2 47. Bc5 Ra1 48. Ra7 a2 49. Bd4 Rf1+ 1-0

[Event "HUN-chT Youth 2019"]
[Site "Budapest"]
[Date "2019.10.26"]
[Round "1.37"]
[White "Gergely, Daniel"]
[Black "Szabo, Marton Nandor"]
[Result "1/2-1/2"]
[ECO "D93"]
[WhiteElo "1551"]
[BlackElo "1803"]
[Annotator "NA"]
[PlyCount "47"]
[EventDate "2019.10.26"]
[EventType "team-tourn"]
[EventCountry "HUN"]
[SourceTitle "playchess.com"]
[Source "ChessBase"]
[SourceQuality "1"]
[TimeControl "5400+30"]

1. d4 Nf6 2. Bf4 g6 3. e3 d5 4. Nf3 Bg7 5. Be2 b6 6. O-O Bb7 7. c4 Nbd7 8. Nc3 O-O 9. Rc1 c5 10. Re1 Rc8 11. Bg3 dxc4 12. dxc5 Nxc5 13. Bxc4 Qxd1 14. Rexd1 Bxf3 15. gxf3 Rfd8 16. Bb5 a6 17. Be2 a5 18. Rxd8+ Rxd8 19. Bc7 Rc8 20. Bxb6 Na4 21. Bxa5 Nd5 22. Rd1 Ndxc3 23. bxc3 Nxc3 24. Bxc3 1/2-1/2

[Event "HUN-chT Youth 2019"]
[Site "Budapest"]
[Date "2019.10.26"]
[Round "1.38"]
[White "Foldes, Marton Gabor"]
[Black "Soti, Szabolcs"]
[Result "1-0"]
[ECO "C44"]
[WhiteElo "1755"]
[BlackElo "1346"]
[Annotator "NA"]
[PlyCount "83"]
[EventDate "2019.10.26"]
[EventType "team-tourn"]
[EventCountry "HUN"]
[SourceTitle "playchess.com"]
[Source "ChessBase"]
[SourceQuality "1"]
[TimeControl "5400+30"]

1. e4 e5 2. Nf3 Nc6 3. d4 exd4 4. Bc4 Bc5 5. c3 dxc3 6. Nxc3 h6 7. O-O Nge7 8. a3 a6 9. b4 Ba7 10. Bb2 b5 11. Bb3 O-O 12. Ne2 Ng6 13. Rc1 Bb7 14. Ng3 d6 15. Bd5 Rb8 16. Bxc6 Bxc6 17. Rxc6 Bb6 18. Rc1 a5 19. Nf5 f6 20. Qb3+ Kh7 21. N3h4 Nf4 22. Kh1 Qd7 23. Rce1 Qf7 24. Qc2 axb4 25. axb4 Qc4 26. Qd2 Nd3 27. Rd1 Nxf2+ 28. Rxf2 Bxf2 29. Qxf2 Qxb4 30. Nd4 Rbe8 31. Ba1 Rxe4 32. Qf5+ Kh8 33. Ng6+ Kg8 34. Qd5+ Rf7 35. Qxe4 Qa4 36. Re1 c5 37. Qe8+ Rf8 38. Qxf8+ Kh7 39. Ne6 Qa7 40. Ne7 Qxe7 41. Qxe7 Kg6 42. Qxg7+ 1-0

[Event "HUN-chT Youth 2019"]
[Site "Budapest"]
[Date "2019.10.26"]
[Round "1.39"]
[White "Biro, Daniel"]
[Black "Csernyik, Mark"]
[Result "0-1"]
[ECO "D34"]
[WhiteElo "1339"]
[BlackElo "1749"]
[Annotator "NA"]
[PlyCount "92"]
[EventDate "2019.10.26"]
[EventType "team-tourn"]
[EventCountry "HUN"]
[SourceTitle "playchess.com"]
[Source "ChessBase"]
[SourceQuality "1"]
[TimeControl "5400+30"]

1. Nf3 d5 2. d4 c5 3. g3 Nf6 4. Bg2 e6 5. O-O Nc6 6. c4 Be7 7. Nc3 O-O 8. cxd5 exd5 9. Ne5 Nxd4 10. e3 Nc6 11. Nxc6 bxc6 12. e4 d4 13. e5 dxc3 14. Qxd8 Rxd8 15. exf6 Bxf6 16. bxc3 Bxc3 17. Rb1 Ba6 18. Bxc6 Rac8 19. Bb5 Rb8 20. a4 Bxb5 21. axb5 Bb4 22. Rb3 Rxb5 23. Ba3 Rdb8 24. Rfb1 a5 25. Bc1 f6 26. R3b2 Kf7 27. Bf4 R8b7 28. Kf1 g5 29. Be3 Ke6 30. Ke2 Kd6 31. Rd1+ Kc6 32. f4 h6 33. h4 gxh4 34. gxh4 Bc3 35. Rxb5 Rxb5 36. Rc1 Bb4 37. Kd3 Kd5 38. h5 f5 39. Ke2 a4 40. Ra1 Ra5 41. Kd3 a3 42. Ra2 c4+ 43. Kc2 Ke4 44. Bb6 Rd5 45. Bc7 Rd2+ 46. Kb1 c3 0-1

[Event "HUN-chT Youth 2019"]
[Site "Budapest"]
[Date "2019.10.26"]
[Round "1.40"]
[White "Karacsonyi, Bank"]
[Black "Toth, Rafael"]
[Result "1-0"]
[ECO "B04"]
[WhiteElo "1513"]
[BlackElo "1187"]
[Annotator "NA"]
[PlyCount "71"]
[EventDate "2019.10.26"]
[EventType "team-tourn"]
[EventCountry "HUN"]
[SourceTitle "playchess.com"]
[Source "ChessBase"]
[SourceQuality "1"]
[TimeControl "5400+30"]

1. e4 Nf6 2. e5 Nd5 3. d4 d6 4. c4 Nb6 5. exd6 cxd6 6. Nc3 Nc6 7. Nf3 g6 8. Be2 Bg7 9. Be3 Bg4 10. O-O O-O 11. b3 Rc8 12. Rc1 Re8 13. Qd2 Qd7 14. h3 Bxf3 15. Bxf3 a6 16. d5 Ne5 17. Bxb6 Qxh3 18. Qe2 Nxf3+ 19. Qxf3 Qxf3 20. gxf3 f5 21. Ne2 g5 22. Bd4 e5 23. dxe6 Rxe6 24. Bxg7 Rxe2 25. Bf6 Rxa2 26. Bxg5 Kf7 27. Kh2 Rb2 28. Rcd1 h6 29. Bf4 Rxb3 30. Rxd6 Rxf3 31. Be3 Rg8 32. Rxh6 f4 33. Bd4 Rd8 34. Bb6 Rd7 35. Rh7+ Ke8 36. Re1+ 1-0

[Event "HUN-chT Youth 2019"]
[Site "Budapest"]
[Date "2019.10.26"]
[Round "1.41"]
[White "Kiss, Istvan I"]
[Black "Karacsonyi, Luca"]
[Result "0-1"]
[ECO "B70"]
[WhiteElo "2183"]
[BlackElo "1556"]
[Annotator "ChessBase"]
[PlyCount "62"]
[EventDate "2019.10.26"]
[EventType "team-tourn"]
[EventCountry "HUN"]
[SourceTitle "playchess.com"]
[Source "ChessBase"]
[SourceQuality "1"]
[TimeControl "5400+30"]

1. e4 c5 2. Nf3 d6 3. d4 cxd4 4. Nxd4 Nf6 5. Nc3 g6 6. Bb5+ Bd7 7. Bxd7+ Nbxd7 8. O-O Bg7 9. f4 O-O 10. f5 Qb6 11. Kh1 Nxe4 12. Nxe4 Qxd4 13. Qxd4 Bxd4 14. c3 Bg7 15. fxg6 hxg6 16. Be3 f5 17. Ng5 Bh6 18. Rfe1 f4 19. Ne6 fxe3 20. Nxf8 Rxf8 21. Re2 Rf2 22. Rxf2 exf2 23. g3 Bd2 24. Rf1 Be1 25. Kg2 Ne5 26. a3 Nc4 27. b3 Ne3+ 28. Kf3 Nxf1 29. Ke4 Nd2+ 30. Kd5 f1=Q 31. Ke6 Qf5+ 0-1

[Event "HUN-chT Youth 2019"]
[Site "Budapest"]
[Date "2019.10.26"]
[Round "1.43"]
[White "Konyves, Almos"]
[Black "Kasnya, Peter"]
[Result "1/2-1/2"]
[ECO "B31"]
[WhiteElo "2006"]
[BlackElo "1566"]
[Annotator "NA"]
[PlyCount "88"]
[EventDate "2019.10.26"]
[EventType "team-tourn"]
[EventCountry "HUN"]
[SourceTitle "playchess.com"]
[Source "ChessBase"]
[SourceQuality "1"]
[TimeControl "5400+30"]

1. e4 c5 2. Nf3 Nc6 3. Nc3 g6 4. Bb5 Bg7 5. O-O d6 6. Bxc6+ bxc6 7. d3 Nf6 8. h3 O-O 9. Be3 Rb8 10. Qc1 Qa5 11. Nd2 Qb4 12. Nd1 d5 13. c3 Qb5 14. c4 Qa6 15. Bxc5 Re8 16. Qc2 Be6 17. f4 dxe4 18. dxe4 Nd7 19. Bf2 Nb6 20. Bxb6 Qxb6+ 21. Kh1 Red8 22. Nb3 Qb4 23. Rc1 a5 24. f5 Bc8 25. Qf2 a4 26. Na1 Rd2 27. Qf3 g5 28. Qe3 h6 29. h4 Bd4 30. Qg3 f6 31. c5 Be5 32. Qf3 Ba6 33. a3 Qd4 34. Re1 Rd3 35. Qh5 Qd8 36. Nf2 Rg3 37. Qg6+ Kh8 38. Qxh6+ Kg8 39. Qg6+ Kh8 40. Qh5+ Kg7 41. Qg6+ Kh8 42. Qh5+ Kg7 43. Qg6+ Kh8 44. Ng4 Qg8 1/2-1/2

[Event "HUN-chT Youth 2019"]
[Site "Budapest"]
[Date "2019.10.26"]
[Round "1.44"]
[White "Toth, Barnabas"]
[Black "Bodrogi, Bendeguz"]
[Result "0-1"]
[ECO "B31"]
[WhiteElo "2057"]
[BlackElo "1903"]
[Annotator "NA"]
[PlyCount "92"]
[EventDate "2019.10.26"]
[EventType "team-tourn"]
[EventCountry "HUN"]
[SourceTitle "playchess.com"]
[Source "ChessBase"]
[SourceQuality "1"]
[TimeControl "5400+30"]

1. e4 c5 2. Nf3 Nc6 3. Bb5 g6 4. Bxc6 bxc6 5. O-O Bg7 6. d3 Nf6 7. h3 O-O 8. Nc3 d5 9. Qe2 e6 10. Bg5 Qb6 11. Na4 Qa5 12. b3 Nd7 13. Rad1 Ba6 14. Qd2 Qxd2 15. Nxd2 Bb5 16. Be3 Bxa4 17. bxa4 f5 18. exf5 gxf5 19. Nb3 c4 20. dxc4 Nb6 21. cxd5 cxd5 22. a5 Nc4 23. Bc5 Rfc8 24. Bb4 Rab8 25. a3 Kf7 26. Nd2 Nxd2 27. Rxd2 Bc3 28. Bxc3 Rxc3 29. Re2 Rb2 30. Rfe1 Rc6 31. Kf1 Kf6 32. f4 h5 33. h4 Rb5 34. Re3 a6 35. R1e2 Rxa5 36. Rg3 Ra4 37. Rf2 Rcc4 38. Rgf3 Rc6 39. Rg3 Rac4 40. Rg5 Rxc2 41. Rxh5 Rc1+ 42. Ke2 R6c2+ 43. Ke3 d4+ 44. Kf3 Rc3+ 45. Ke2 Rxa3 46. Rg5 Rc2+ 0-1

[Event "HUN-chT Youth 2019"]
[Site "Budapest"]
[Date "2019.10.26"]
[Round "1.45"]
[White "Onodi, Miklos"]
[Black "Denes, Mark"]
[Result "1-0"]
[ECO "A48"]
[WhiteElo "1548"]
[BlackElo "1217"]
[Annotator "NA"]
[PlyCount "63"]
[EventDate "2019.10.26"]
[EventType "team-tourn"]
[EventCountry "HUN"]
[SourceTitle "playchess.com"]
[Source "ChessBase"]
[SourceQuality "1"]
[TimeControl "5400+30"]

1. d4 Nf6 2. Bf4 d6 3. e3 g6 4. h3 Bg7 5. Nf3 O-O 6. Be2 Bd7 7. O-O e6 8. c4 Nc6 9. Nc3 Nh5 10. Bh2 Re8 11. Nd2 e5 12. d5 Ne7 13. Bxh5 gxh5 14. Qxh5 Ng6 15. Nde4 c6 16. Nxd6 Qe7 17. Nxe8 Rxe8 18. Ne4 cxd5 19. cxd5 Qb4 20. Ng5 h6 21. Nf3 Qb5 22. Rfd1 e4 23. Nd4 Bxd4 24. Rxd4 Qxb2 25. Rdd1 Kg7 26. Rab1 Qxa2 27. Rxb7 Qa4 28. Rdb1 Rc8 29. Be5+ Kh7 30. R1b4 Rc1+ 31. Kh2 Nxe5 32. Rxa4 1-0

[Event "HUN-chT Youth 2019"]
[Site "Budapest"]
[Date "2019.10.26"]
[Round "1.46"]
[White "Tarsoly, Csanad"]
[Black "Kerekes, Laszlo Fulop"]
[Result "0-1"]
[ECO "C45"]
[WhiteElo "1092"]
[BlackElo "1369"]
[Annotator "NA"]
[PlyCount "36"]
[EventDate "2019.10.26"]
[EventType "team-tourn"]
[EventCountry "HUN"]
[SourceTitle "playchess.com"]
[Source "ChessBase"]
[SourceQuality "1"]
[TimeControl "5400+30"]

1. e4 e5 2. Nf3 Nc6 3. d4 exd4 4. Nxd4 Nf6 5. Nxc6 bxc6 6. Bd3 Bb4+ 7. c3 Bc5 8. O-O d6 9. Bg5 h6 10. Bh4 O-O 11. Nd2 Re8 12. Re1 Qe7 13. Nb3 Bb6 14. Bxf6 Qxf6 15. Qd2 Re5 16. Nd4 Rg5 17. Nf3 Qxf3 18. Qxg5 Qxf2+ 0-1

[Event "HUN-chT Youth 2019"]
[Site "Budapest"]
[Date "2019.10.26"]
[Round "1.49"]
[White "Lauko, Denes"]
[Black "Palczert, Matyas"]
[Result "0-1"]
[ECO "B47"]
[WhiteElo "1464"]
[BlackElo "2009"]
[Annotator "NA"]
[PlyCount "58"]
[EventDate "2019.10.26"]
[EventType "team-tourn"]
[EventCountry "HUN"]
[SourceTitle "playchess.com"]
[Source "ChessBase"]
[SourceQuality "1"]
[TimeControl "5400+30"]

1. e4 c5 2. Nf3 e6 3. d4 cxd4 4. Nxd4 Nc6 5. Nc3 Qc7 6. Bc4 Nf6 7. a3 Nxd4 8. Qxd4 Bc5 9. Qd3 Ng4 10. f3 Nf2 11. Qf1 Nxh1 12. Qxh1 a6 13. Bd2 Bxa3 14. Rxa3 Qxc4 15. Qg1 b5 16. Qb6 Qc6 17. Qd4 O-O 18. Kd1 Bb7 19. g4 Rac8 20. h4 f5 21. h5 Qc4 22. Qxd7 Qf1+ 23. Be1 Rcd8 24. Qxd8 Rxd8+ 25. Nd5 exd5 26. exf5 d4 27. Rd3 Bxf3+ 28. Kd2 Qe2+ 29. Kc1 Qxe1+ 0-1

[Event "HUN-chT Youth 2019"]
[Site "Budapest"]
[Date "2019.10.26"]
[Round "1.50"]
[White "Hajdu, Marton Abris"]
[Black "Havasi, Gergely Bulcsu"]
[Result "1-0"]
[ECO "B07"]
[WhiteElo "1818"]
[BlackElo "1460"]
[Annotator "NA"]
[PlyCount "81"]
[EventDate "2019.10.26"]
[EventType "team-tourn"]
[EventCountry "HUN"]
[SourceTitle "playchess.com"]
[Source "ChessBase"]
[SourceQuality "1"]
[TimeControl "5400+30"]

1. e4 g6 2. d4 Bg7 3. Nc3 d6 4. Be2 Nf6 5. h4 h5 6. Bg5 Nbd7 7. Qd2 a6 8. O-O-O c5 9. Nf3 b5 10. e5 cxd4 11. Qxd4 Ng4 12. Qe4 Rb8 13. exd6 Bf6 14. Rhf1 Bb7 15. Nd5 Bxg5+ 16. hxg5 e5 17. Nc7+ Kf8 18. Qb4 Kg8 19. Kb1 Kh7 20. Bd3 a5 21. Qb3 Rf8 22. Bxb5 Nc5 23. Qc4 Ne6 24. Nxe6 fxe6 25. Qxe6 Bxf3 26. gxf3 Qb6 27. fxg4 Qxb5 28. b3 Rbe8 29. Qd5 Qe2 30. gxh5 Rxf2 31. hxg6+ Kg7 32. Rxf2 Qxf2 33. d7 Rd8 34. Qxe5+ Kxg6 35. Rd6+ Kh5 36. g6+ Kg4 37. Rd4+ Kh3 38. Qh5+ Kg2 39. Qg5+ Kh3 40. Rd3+ Kh2 41. Rd2 1-0

[Event "HUN-chT Youth 2019"]
[Site "Budapest"]
[Date "2019.10.26"]
[Round "1.51"]
[White "Havasi, Mate Pal"]
[Black "Nagy, Botond"]
[Result "1/2-1/2"]
[ECO "A16"]
[WhiteElo "1225"]
[BlackElo "1281"]
[Annotator "NA"]
[PlyCount "110"]
[EventDate "2019.10.26"]
[EventType "team-tourn"]
[EventCountry "HUN"]
[SourceTitle "playchess.com"]
[Source "ChessBase"]
[SourceQuality "1"]
[TimeControl "5400+30"]

1. Nf3 Nf6 2. g3 g6 3. Bg2 Bg7 4. O-O O-O 5. c4 c5 6. Nc3 d6 7. d3 Nbd7 8. Bf4 Rb8 9. Rb1 b6 10. Qa4 a6 11. a3 Bb7 12. Bg5 h6 13. Be3 Qc7 14. d4 Bc6 15. Qb3 Ng4 16. d5 Ba8 17. Bd2 Rfc8 18. a4 b5 19. axb5 axb5 20. Nxb5 Qb6 21. Bh3 Ngf6 22. e4 g5 23. Bf5 Bb7 24. Bc3 Rd8 25. Ra1 Ra8 26. Rxa8 Rxa8 27. Bxd7 Nxd7 28. Bxg7 Kxg7 29. Qc3+ f6 30. Nd2 Ne5 31. Na3 Qb4 32. Qxb4 cxb4 33. Nc2 Ra2 34. Rb1 Nd3 35. Nf1 Rxb2 36. Rxb2 Nxb2 37. Nxb4 Nxc4 38. Ne3 Nd2 39. Nc6 e6 40. Nd8 Bc8 41. dxe6 Nxe4 42. Nf5+ Kf8 43. Nxh6 Ke7 44. Nc6+ Kxe6 45. Nd4+ Kd5 46. Ndf5 Kc5 47. Ne7 Be6 48. f3 Nd2 49. f4 d5 50. Nxd5 Bxd5 51. fxg5 fxg5 52. h4 Nf3+ 53. Kf2 gxh4 54. gxh4 Nxh4 55. Kg3 Ng6 1/2-1/2